 Dungeon Crawl Stone Soup version 0.31.0-9-g3a7656b989 (webtiles) character file.

Game seed: 18271651959045846307

58 qw the Shooter (level 3, -3/18 HPs)
             Began as a Spriggan Hunter on Feb 2, 2024.
             Killed from afar by Robin (6 damage)
             ... with a puff of flame
             ... on level 3 of the Dungeon.
             The game lasted 00:00:05 (1456 turns).

qw the Shooter (Spriggan Hunter)                    Turns: 1456, Time: 00:00:06

Health: -3/18      AC:  2    Str:  7    XL:     3   Next: 75%
Magic:  0/4        EV: 19    Int: 10    God:
Gold:   109        SH:  0    Dex: 20    Spells: 2/2 levels left

rFire   . . .        a - +0 shortbow
rCold   . . .        (shield currently unavailable)
rNeg    . . .        c - +0 robe
rPois   .            (helmet restricted)
rElec   .            (no cloak)
rCorr   .            (gloves unavailable)
SInv    +            (boots unavailable)
Will    .....        g - amulet of guardian spirit
Stlth   ++           (no ring)
HPRegen 0.23/turn    (no ring)
MPRegen 0.09/turn

%: guardian spirit
@: very quick
A: very small, no large weapons, unfitting armour, see invisible, speed 3
a: no special abilities


You were on level 3 of the Dungeon.
You visited 1 branch of the dungeon, and saw 3 of its levels.

You collected 109 gold pieces.


Innate Abilities, Weirdness & Mutations

You are very small and have problems with some larger weapons.
You are too small for most types of armour.
You have supernaturally acute eyesight. (SInv)
You cover ground extremely quickly. (Speed+++)


   Skills:
 - Level 1.5 Fighting
 + Level 4.9 Ranged Weapons
 - Level 4.0 Dodging
 - Level 1.5 Stealth


You had 2 spell levels left.
You didn't know any spells.
Your spell library was empty.

Inventory:

Hand Weapons
 a - a +0 shortbow (weapon)
Armour
 c - a +0 robe (worn)
Jewellery
 g - an amulet of guardian spirit (around neck)
Wands
 b - a wand of flame (9)
Potions
 e - a potion of curing
 f - a potion of mutation
 i - a potion of cancellation {unknown}
 j - a potion of haste
 k - a potion of brilliance {unknown}

Dungeon Overview and Level Annotations

Branches:
Dungeon (3/15)

Altars:
Ashenzari

Annotations:
D:3 Robin


Message History

Robin roars a battlecry!
The goblins go into a battle-frenzy!
You shoot an arrow. The goblin shouts!
The arrow hits the hobgoblin!
You kill the hobgoblin!
You hear a shout!
Robin throws the goblin at you! The goblin misses you.
You shoot an arrow. The arrow hits the goblin!
You kill the goblin!
You shoot an arrow. The arrow hits Robin.
Robin is lightly wounded.
A hobgoblin comes into view.
Robin throws the goblin at you! The goblin hits you with a +0 dagger.
You shoot an arrow. The arrow barely misses the goblin.
Robin zaps a wand.
The puff of flame hits you!
Ouch! That really hurt!
A goblin comes into view. It is wielding a +0 club.
The goblin barely misses you.
You shoot an arrow. The arrow hits the goblin.
The goblin is severely wounded.
The goblin hits you with a +0 dagger.
A goblin comes into view. It is wielding a +0 dagger.
The goblin closely misses you.
You shoot an arrow. The arrow hits the goblin.
You kill the goblin!
A goblin comes into view. It is wielding a +0 dagger.
Robin throws the goblin at you!
You shoot an arrow. The goblin shouts!
The arrow hits the goblin!
You kill the goblin!
Robin says, "Bow before me, strongest of all the hobgoblins!"
Robin zaps a wand.
The puff of flame misses you.
You shoot an arrow. The arrow hits Robin.
Robin is heavily wounded.
A goblin comes into view. It is wielding a +0 dagger.
Robin zaps a wand.
The puff of flame hits you.
You die...
Robin calls out, "Let's celebrate!
Time for a feast!"

#g .# .# g# )#
#)#### #....#
#####+###@###+
#.#..#...)).%#
#.#..#.......#
#.+..+###'###+
#.#..#.%...+
#.#..#.#...#
#<'##'.#._.#
#.#..#.#...#
...#..#.+...+


You could see Robin and a goblin (wandering, strong).

Vanquished Creatures
  4 dart slugs
  4 endoplasms
  3 giant cockroaches (D:1)
  12 goblins
  4 hobgoblins
  4 kobolds
  2 quokkas
  3 ball pythons
  2 bats
  A frilled lizard (D:1)
  5 rats
44 creatures vanquished.

Notes
Turn   | Place    | Note
-------+----------+-------------------------------------------
     0 | D:1      | qw the Spriggan Hunter began the quest for the Orb.
     0 | D:1      | Reached XP level 1. HP: 10/10 MP: 2/2
     0 | D:1      | 0 ||| qw: Version: 0.3-a-155-g5e7d8dd
     0 | D:1      | 0 ||| qw: Game counter: 1174
     0 | D:1      | 0 ||| qw: Melee chars always use a shield: true
     0 | D:1      | 0 ||| qw: God list: Okawaru
     0 | D:1      | 0 ||| qw: Allow faded altars: false
     0 | D:1      | 0 ||| qw: Do Orc after clearing Dungeon:15 true
     0 | D:1      | 0 ||| qw: Do second Lair branch before Depths: true
     0 | D:1      | 0 ||| qw: Lair rune preference: random
     0 | D:1      | 0 ||| qw: Goals: Normal
     0 | D:1      | 0 ||| PLANNING D:1-11
    24 | D:1      | Reached skill level 3 in Dodging
   169 | D:1      | Reached XP level 2. HP: 14/14 MP: 3/3
   778 | D:1      | Found a faded altar of an unknown god.
   797 | D:1      | 797 ||| UPGRADING to amulet of guardian spirit.
   802 | D:1      | 802 ||| DROPPING ring of wizardry.
   803 | D:1      | 803 ||| READING scroll labelled TEUWEU VALICRO.
   804 | D:1      | 804 ||| READING 2 scrolls labelled SAMPAIWORCH.
   805 | D:1      | 805 ||| READING scroll labelled QIUBRYE PEROE.
   805 | D:1      | 805 ||| IDENTIFYING red potion
   806 | D:1      | 806 ||| READING scroll labelled DUTONWOSSOTZ.
   807 | D:1      | 807 ||| DRINKING 2 yellow potions.
   808 | D:1      | 808 ||| DROPPING scroll of butterflies.
   809 | D:1      | 809 ||| DROPPING scroll of blinking.
   862 | D:2      | Reached XP level 3. HP: 18/18 MP: 4/4
  1396 | D:2      | 1396 ||| READING 2 scrolls of identify.
  1396 | D:2      | 1396 ||| IDENTIFYING lumpy dark potion
  1397 | D:2      | 1397 ||| READING scroll of identify.
  1397 | D:2      | 1397 ||| IDENTIFYING metallic red potion
  1398 | D:2      | 1398 ||| DROPPING potion of lignification.
  1431 | D:3      | Found a broken altar of Ashenzari.
  1447 | D:3      | Noticed Robin
  1453 | D:3      | HP: 3/18 [goblin/+0 dagger[Robin] (3)]
  1456 | D:3      | Killed from afar by Robin

Levels and vault maps discovered:
D:1:      elethiomel_arrival_fortress_basement, layout_loops_ring,
          hellmonk_ecumenical_altar_defaced_shrine
D:2:      layout_basic, minmay_hedge_maze
D:3:      layout_loops_ring, mainiacjoe_overflow_24_doors, fedhas_altar_1,
          minmay_misc_feat_secret_circle, uniq_natasha, uniq_robin, uniq_terence

Skill      XL: |  1  2 |
---------------+-------+-----
Dodging        | 3 4 |  4.0
Fighting       | |  1.5
Ranged Weapons | |  4.9
Stealth        | |  1.5

Action                     || total
---------------------------++-------
   Fire: Shortbow          ||   141
    Use: Scroll            ||     6
         Potion            ||     1
 Armour: Robe              ||    18
  Dodge: Dodged            ||    38

Table legend:
 A = Non-vault XP
 B = Vault XP
 C = Vault XP percentage of total XP
 D = Non-vault monster count
 E = Vault monster count
 F = Vault count percentage of total count
                 A         B        C        D         E       F
            +---------+---------+-------+---------+---------+-------
      Total |      60 |      23 |  27.7 |      34 |      10 |  22.7
            +---------+---------+-------+---------+---------+-------
        D:1 |      28 |      11 |  28.2 |      17 |       4 |  19.0
        D:2 |      29 |       0 |   0.0 |      15 |       0 |   0.0
        D:3 |       3 |      12 |  80.0 |       2 |       6 |  75.0
            +---------+---------+-------+---------+---------+-------
